 Dungeon Crawl Stone Soup version 0.26-a0-664-gc8b27b8fc1 (webtiles) character file.

Game seed: 11083907746413562372

(classic levelgen) 37 EnegeticOcto the Shield-Bearer (level 3, -4/34 HPs)
             Began as a Deep Dwarf Fighter on Oct 13, 2020.
             Slain by an ogre
             ... wielding a +0 giant spiked club
              (27 damage)
             ... on level 3 of the Dungeon.
             The game lasted 00:00:18 (306 turns).

EnegeticOcto the Shield-Bearer (Deep Dwarf Fighter)  Turns: 306, Time: 00:00:19

Health: -4/34      AC:  6    Str: 20    XL:     3   Next: 21%
Magic:  3/3        EV:  7    Int:  8    God:
Gold:   20         SH:  9    Dex: 12    Spells: 2/2 levels left

rFire    . . .     SeeInvis .   a - +0 war axe
rCold    . . .     Faith    .   c - +0 kite shield
rNeg     . . .     Spirit   .   b - +0 scale mail
rPois    .         Reflect  .   (no helmet)
rElec    .         Harm     .   (no cloak)
rCorr    .         Rampage  .   (no gloves)
MR       .....                  (no boots)
Stlth    ..........             (no amulet)
HPRegen  0.00/turn              (no ring)
MPRegen  0.08/turn              (no ring)

@: non-regenerating
A: damage resistance, heal wounds, sense surroundings 1, no regeneration
a: Heal Wounds


You were on level 3 of the Dungeon.
You visited 1 branch of the dungeon, and saw 3 of its levels.

You collected 20 gold pieces.

Inventory:

Hand Weapons
 a - a +0 war axe (weapon)
Armour
 b - a +0 scale mail (worn)
 c - a +0 kite shield (worn)
Scrolls
 e - a scroll of identify {unknown}
 f - a scroll of random uselessness {unknown}
 h - a scroll of enchant weapon {unknown}
 i - a scroll of teleportation {unknown}
Potions
 d - a potion of might {@q3}
 g - a potion of stabbing {unknown}


   Skills:
 + Level 3.0 Fighting
 * Level 3.1 Axes
 + Level 3.6 Armour
 + Level 3.6 Shields


You had 2 spell levels left.
You didn't know any spells.
Your spell library was empty.

Dungeon Overview and Level Annotations

Branches:
Dungeon (3/15)

Altars:


Innate Abilities, Weirdness & Mutations

You are resistant to damage.
You can heal yourself by infusing magical energy.
You passively map a small area around you.
You do not regenerate.


Message History

You slash the worm!
You kill the worm!
No target in view!
No target in view!
No target in view!
No target in view!
Found a stone staircase leading up.
h - a scroll labeled KAICAC ZOTWAIKUQAH
Found an escape hatch in the ceiling.
There is a stone staircase leading up here.
i - a scroll labeled YMYCVY XOHUESO A ball python and a goblin come into view.
The ball python hisses angrily.
The goblin shouts!
You hear a shout!
An ogre comes into view. It is wielding a +0 giant spiked club.
A worm comes into view.
No reachable target in view!
No reachable target in view!
No reachable target in view!
No reachable target in view!
No reachable target in view!
No reachable target in view!
No reachable target in view!
No reachable target in view!
No reachable target in view!
No reachable target in view!
No reachable target in view!
No reachable target in view!
No reachable target in view!
No reachable target in view!
No reachable target in view!
There are monsters nearby!
There are monsters nearby!
There are monsters nearby!
There are monsters nearby!
There are monsters nearby!
There are monsters nearby!
There are monsters nearby!
There are monsters nearby!
No reachable target in view!
A rat comes into view.
The rat twitches its whiskers.
Found a scroll labeled DIPTYA GEISI.
You slash the rat!
You kill the rat!
You block the ogre's attack.
You hit the ogre.
The ogre is lightly wounded.
The ogre hits you with a +0 giant spiked club!
You barely miss the ogre.
The ogre is lightly wounded.
The ogre hits you with a +0 giant spiked club!
* * * LOW HITPOINT WARNING * * *
You are too injured to fight recklessly!
You are too injured to fight recklessly!
You are too injured to fight recklessly!
You are too injured to fight recklessly!
You are too injured to fight recklessly!
You are too injured to fight recklessly!
You are too injured to fight recklessly!
You are too injured to fight recklessly!
You are too injured to fight recklessly!
You are too injured to fight recklessly!
You are too injured to fight recklessly!
You feel much better. You block the ogre's attack.
Your health is already full.
You hit the ogre.
The ogre is moderately wounded.
You block the ogre's attack.
You hit the ogre.
The ogre is moderately wounded.
The ogre hits you with a +0 giant spiked club!!
Ouch! That really hurt!
You hit the ogre.
The ogre is heavily wounded.
The ogre hits you with a +0 giant spiked club!
* * * LOW HITPOINT WARNING * * *
You are too injured to fight recklessly!
You are too injured to fight recklessly!
You are too injured to fight recklessly!
You are too injured to fight recklessly!
You are too injured to fight recklessly!
You are too injured to fight recklessly!
You are too injured to fight recklessly!
You are too injured to fight recklessly!
You are too injured to fight recklessly!
You are too injured to fight recklessly!
You are too injured to fight recklessly!
You are too injured to fight recklessly!
You are too injured to fight recklessly!
You are too injured to fight recklessly!
You are too injured to fight recklessly!
You are too injured to fight recklessly!
You fail to use your ability.
The ogre closely misses you.
You feel much better.
You barely miss the ogre.
The ogre is heavily wounded.
You barely miss the goblin.
The ogre hits you with a +0 giant spiked club!!
Ouch! That really hurt!
You die...

* * #.##.......#### *
* , #<.........#.. , ,
,* #####.....†.#.# ###
* ,,
,###..<........#.###.#
, , ,
#...............#....
,#.#..###......##..#.#
, , , * #.####
#......##..#..
##...####......#......
,
#..#.@O#########.#.#..
* #.####g..# #.#.#.. ,
#..#.S###..?..*
#...... *
#.##..w.##.##. ###....
#..#..8..#..# ,###..
#.##....##.## * ### ,
, ...###.....# ,* * .
,*.#...####.##, , , ##
, * *


You could see an ogre, a worm, a goblin and a ball python.

Vanquished Creatures
  An ooze (D:1)
  2 worms (D:3)
  2 dart slugs
  3 giant cockroaches
  4 goblins
  2 hobgoblins
  A bat (D:1)
  2 frilled lizards
  2 kobolds
  4 rats
23 creatures vanquished.

Notes
Turn   | Place    | Note
-------+----------+-------------------------------------------
     0 | D:1      | EnegeticOcto the Deep Dwarf Fighter began the quest for the
                  | Orb.
     0 | D:1      | Reached XP level 1. HP: 20/20 MP: 1/1
    63 | D:1      | Reached XP level 2. HP: 25/27 MP: 2/2
   254 | D:3      | Reached XP level 3. HP: 27/34 MP: 3/3
   292 | D:3      | Noticed an ogre
   306 | D:3      | Slain by an ogre

Illustrated notes

Levels and vault maps discovered:
D:1:      dpeg_arrival_tiny_a, layout_basic, corner_web_ring
D:2:      layout_loops_corners, chequers_ecumenical_altar_twisty,
          corexii_leaking_fountain, minmay_octomino_e4
D:3:      minmay_skewed_foursquare, layout_basic

Skill      XL: |  1  2 |
---------------+-------+-----
Axes           | 3 |  3.1
Fighting       | 3 |  3.0
Armour         | |  3.6
Shields        | |  3.6

Action                   || total
-------------------------++-------
Melee: War axe           ||    59
 Abil: Heal Wounds       ||     2
Armor: Scale mail        ||    17
Dodge: Dodged            ||    16
Block: Kite shield       ||    25

Table legend: (Time is in decaauts)
 A = Elapsed time spent in this place.
 B = Non-inter-level travel time spent in this place.
 C = Inter-level travel time spent in this place.
 D = Time resting spent in this place.
 E = Time spent auto-exploring this place.
 F = Levels seen in this place.
 G = Mean time per level.
                   A        B        C        D        E       F      G
               +--------+--------+--------+--------+--------+-----+--------+
         Total |    331 |    314 |     17 |      0 |    177 |   3 |  110.3 |
       Dungeon |    331 |    314 |     17 |      0 |    177 |   3 |  110.3 |
               +--------+--------+--------+--------+--------+-----+--------+

Top non-repeatable levels by time:
     D:1: 178 daAuts
     D:2: 81 daAuts
     D:3: 71 daAuts
